Map: Dasan Station LE

Players

Elazer

  • Race: Zerg Zerg

PtitDrogo - Winner!

  • Race: Protoss Protoss

Event: 2016 WCS Summer Circuit Championship (DH Montreal)

VOD

https://www.youtube.com/watch?v=31cG1BPR_Sk

Description

Time

  • Played on: Aug. 13, 2016, 2:32 p.m.
  • Length: 14:10

All games in this series

Show
View Real Time Build Order
Export as new Build Order

Elazer Zerg 

Build Orders: Hatch First, Lurkers 

Get SALT Encoding   

  12  0:00  Drone  
  13  0:11  Overlord  
  13  0:16  Drone  
  14  0:29  Drone x2  
  14  0:33  Drone  
  17  0:53  Hatchery  
  17  0:54  Drone  
  17  0:57  Drone  
  18  1:07  Extractor  
  17  1:12  Spawning Pool  
  17  1:15  Drone  
  17  1:20  Drone  
  18  1:27  Drone  
  19  1:37  Overlord  
  19  1:50  Drone  
  20  1:59  Queen, Zergling x2  
  23  2:05  Queen  
  23  2:06  Drone  
  26  2:09  Metabolic Boost  
  26  2:11  Drone  
  27  2:15  Drone  
  28  2:24  Drone  
  30  2:30  Drone  
  30  2:34  Queen  
  32  2:43  Zergling x4  
  34  2:47  Hatchery  
  34  2:49  Drone  
  34  2:52  Drone  
  34  2:54  Overlord  
  35  2:59  Drone  
  36  3:08  Overlord  
  36  3:13  Drone  
  36  3:14  Drone x3  
  40  3:20  Drone  
  40  3:21  Zergling x4  
  40  3:26  Overlord  
  43  3:28  Drone  
  44  3:35  Extractor  
  44  3:36  Overlord  
  44  3:37  Drone  
  44  3:43  Roach Warren  
  44  3:44  Drone x3  
  44  3:47  Drone  
  47  3:51  Overlord  
  47  4:00  Overlord  
  47  4:01  Drone  
  47  4:02  Drone  
  49  4:04  Drone x3  
  49  4:05  Extractor  
  49  4:09  Overlord  
  52  4:10  Drone  
  52  4:17  Spine Crawler  
  52  4:22  Roach x5  
  61  4:25  Roach  
  61  4:29  Roach  
  61  4:31  Roach  
  67  4:35  Roach  
  67  4:37  Overlord  
  69  4:41  Overlord  
  69  4:47  Roach x2  
  69  4:48  Overlord  
  69  4:49  Drone x3  
  69  4:51  Extractor  
  75  4:54  Lair  
  75  4:58  Drone x2  
  77  5:01  Drone x2  
  77  5:02  Drone  
  77  5:05  Overlord  
  79  5:18  Roach x6  
  91  5:22  Overlord  
  91  5:24  Roach  
  91  5:26  Roach  
  95  5:30  Ravager  
  95  5:32  Overlord  
  95  5:35  Drone x4  
  100  5:40  Ravager  
  100  5:41  Ravager, Overlord  
  102  5:43  Drone x3  
  102  5:44  Drone  
  106  5:52  Ravager  
  105  6:01  Roach  
  105  6:02  Roach x6  
  111  6:06  Overlord  
  107  6:12  Drone x3, Extractor  
  107  6:13  Extractor  
  107  6:14  Drone x2  
  107  6:17  Hydralisk Den  
  109  6:23  Drone x3  
  112  6:26  Drone  
  112  6:27  Drone x2  
  112  6:28  Hatchery  
  112  6:30  Glial Reconstitution  
  112  6:32  Ravager  
  115  6:34  Ravager  
  115  6:35  Overlord  
  116  6:40  Overlord  
  116  6:41  Ravager  
  117  6:49  Overlord  
  117  6:52  Lurker Den  
  110  6:56  Drone  
  110  6:57  Evolution Chamber  
  112  7:01  Roach x4  
  112  7:03  Zergling x2  
  112  7:04  Zergling x12  
  125  7:08  Overlord  
  125  7:09  Hydralisk x3  
  125  7:15  Hydralisk x2  
  131  7:16  Hydralisk  
  131  7:17  Overlord  
  137  7:24  Hydralisk x2  
  137  7:27  Ravager  
  139  7:32  Overlord  
  139  7:39  Overlord  
  139  7:41  Zerg Missile Weapons Level 1  
  139  7:42  Drone x3  
  139  7:43  Drone x4  
  146  7:48  Overlord  
  146  7:51  Hydralisk  
  146  7:52  Hydralisk x4  
  146  7:58  Overseer  
  156  8:01  Overlord  
  156  8:05  Overlord  
  156  8:10  Overlord  
  156  8:13  Zergling x6  
  156  8:14  Zergling x2  
  156  8:19  Overlord  
  154  8:22  Drone x4  
  154  8:23  Muscular Augments  
  143  8:37  Overlord  
  143  8:40  Lurker  
  143  8:41  Lurker x3  
  144  8:43  Overlord  
  144  8:48  Drone x5  
  144  8:50  Hydralisk  
  144  8:51  Hydralisk x3  
  144  8:52  Hydralisk x2  
  148  8:56  Lurker x3  
  151  9:09  Lurker x2  
  146  9:19  Overlord  
  145  9:28  Hydralisk x5  
  145  9:29  Zergling x2  
  145  9:30  Zergling x12  
  161  9:31  Lurker x2  
  158  9:43  Lurker  
  158  9:45  Zergling x14  
  164  9:53  Overlord  
  164  9:57  Zergling x2  
  164  9:58  Zergling x8  
  169  10:02  Overlord  
  154  10:16  Overlord  
  114  10:30  Hydralisk x5  
  114  10:35  Hydralisk x4  
  119  10:38  Zergling x12  
  120  10:45  Zergling x2  
  120  10:48  Extractor x2  
  119  10:52  Hydralisk x4  
  121  11:00  Lurker  
  121  11:01  Lurker x3  
  121  11:02  Lurker x2  
  121  11:03  Hydralisk x4  
  129  11:05  Hatchery  
  129  11:07  Hydralisk  
  129  11:08  Hydralisk  
  131  11:17  Hydralisk x3  
  128  11:21  Hydralisk  
  128  11:23  Zergling x10  
  128  11:24  Zergling x6  
  134  11:28  Hydralisk x2  
  134  11:31  Queen x2  
  131  11:34  Hydralisk  
  131  11:35  Hydralisk  
  131  11:38  Zergling x4  
  138  11:40  Lurker  
  136  11:49  Zergling x20  
  136  11:50  Lurker  
  136  11:51  Lurker  
  144  12:02  Zergling x2  
  144  12:03  Zergling x8  
  144  12:04  Lurker  
  148  12:08  Overlord  
  148  12:09  Hydralisk x2  
  148  12:13  Lurker x2  
  154  12:18  Overlord  
  149  12:25  Hydralisk x4  
  156  12:31  Overlord  
  156  12:33  Zergling x2  
  156  12:34  Zergling x12  
  162  12:38  Lurker  
  162  12:39  Lurker  
  162  12:41  Overlord  
  161  12:50  Hydralisk x6  
  137  12:58  Overlord  
  137  13:04  Hydralisk x3  
  141  13:06  Lurker  
  141  13:07  Lurker  
  143  13:18  Hydralisk x4  
  104  13:31  Hydralisk x3  
  92  13:37  Overseer  
  92  13:40  Hydralisk  
  82  13:43  Hydralisk  
  82  13:44  Hydralisk  
  79  13:54  Lurker  
Show
View Real Time Build Order
Export as new Build Order

PtitDrogo Protoss - Winner!

Build Orders: 1 Gate Expand 

Get SALT Encoding   

  12  0:01  Probe (Chrono Boost)  
  13  0:11  Probe (Chrono Boost)  
  14  0:17  Pylon  
  14  0:22  Probe (Chrono Boost)  
  16  0:35  Probe (Chrono Boost)  
  16  0:37  Gateway  
  16  0:46  Probe (Chrono Boost)  
  16  0:47  Assimilator  
  17  0:55  Pylon  
  17  0:58  Probe (Chrono Boost)  
  18  1:08  Probe (Chrono Boost)  
  19  1:28  Nexus  
  19  1:31  Probe (Chrono Boost)  
  20  1:41  Cybernetics Core  
  20  1:44  Probe (Chrono Boost)  
  21  1:49  Assimilator  
  21  1:54  Probe (Chrono Boost)  
  21  2:00  Pylon  
  22  2:05  Probe (Chrono Boost)  
  23  2:14  Warp Gate, Adept  
  23  2:17  Probe (Chrono Boost)  
  27  2:30  Probe (Chrono Boost)  
  27  2:32  Twilight Council  
  27  2:38  Adept  
  27  2:41  Probe (Chrono Boost)  
  27  2:43  Probe (Chrono Boost)  
  31  2:53  Probe (Chrono Boost)  
  31  2:56  Mothership Core (Chrono Boost)  
  34  3:04  Adept  
  34  3:05  Probe (Chrono Boost)  
  37  3:16  Probe (Chrono Boost)  
  37  3:17  Probe (Chrono Boost)  
  39  3:24  Gateway x2  
  40  3:28  Probe (Chrono Boost)  
  40  3:29  Probe (Chrono Boost)  
  40  3:30  Adept  
  43  3:39  Pylon  
  43  3:40  Probe (Chrono Boost)  
  45  3:42  Probe (Chrono Boost), Pylon  
  45  3:47  Resonating Glaives  
  45  3:52  Probe (Chrono Boost)  
  46  3:59  Probe (Chrono Boost)  
  47  4:04  Probe (Chrono Boost)  
  49  4:10  Nexus  
  49  4:11  Probe (Chrono Boost)  
  49  4:15  Pylon  
  49  4:16  Probe (Chrono Boost)  
  50  4:17  Adept  
  50  4:20  Adept  
  50  4:23  Probe (Chrono Boost)  
  55  4:25  Sentry  
  55  4:28  Pylon  
  55  4:29  Probe (Chrono Boost)  
  58  4:35  Probe (Chrono Boost)  
  59  4:40  Robotics Facility  
  59  4:41  Probe (Chrono Boost)  
  59  4:44  Adept  
  63  4:46  Adept  
  63  4:47  Probe (Chrono Boost)  
  63  4:50  Adept  
  68  4:53  Probe (Chrono Boost)  
  68  4:59  Probe (Chrono Boost)  
  69  5:04  Adept  
  69  5:05  Probe (Chrono Boost)  
  72  5:10  Adept  
  72  5:11  Probe (Chrono Boost)  
  75  5:17  Probe (Chrono Boost), Sentry  
  78  5:22  Immortal  
  78  5:23  Probe (Chrono Boost)  
  78  5:24  Assimilator  
  78  5:25  Assimilator  
  78  5:28  Sentry  
  86  5:29  Probe (Chrono Boost)  
  86  5:34  Forge  
  86  5:37  Stalker  
  89  5:43  Probe (Chrono Boost), Stalker  
  89  5:48  Gateway  
  91  5:50  Gateway  
  91  5:54  Adept  
  91  6:00  Stalker  
  85  6:06  Adept  
  85  6:14  Stalker  
  85  6:15  Immortal  
  85  6:18  Protoss Ground Weapons Level 1  
  88  6:19  Probe (Chrono Boost)  
  88  6:21  Assimilator x2  
  92  6:26  Gateway  
  92  6:28  Gateway  
  92  6:29  Probe (Chrono Boost), Gateway  
  93  6:35  Photon Cannon  
  93  6:37  Pylon  
  93  6:39  Phoenix  
  93  6:41  Probe (Chrono Boost)  
  92  6:51  Pylon  
  92  6:53  Pylon  
  92  6:54  Pylon  
  92  6:57  Warp Prism  
  92  6:59  Mothership Core (Chrono Boost)  
  96  7:01  Robotics Bay  
  96  7:02  Probe (Chrono Boost)  
  96  7:03  Probe (Chrono Boost)  
  98  7:08  Pylon  
  98  7:09  Pylon  
  98  7:13  Adept x5  
  98  7:14  Probe (Chrono Boost)  
  98  7:15  Probe (Chrono Boost)  
  110  7:31  Robotics Facility  
  111  7:37  Photon Cannon  
  111  7:38  Probe (Chrono Boost)  
  111  7:44  Probe (Chrono Boost)  
  111  7:45  Pylon  
  113  7:55  Probe (Chrono Boost), Disruptor  
  112  8:06  Adept x3  
  112  8:07  Adept x5  
  128  8:16  Photon Cannon  
  128  8:26  Disruptor  
  128  8:30  Adept  
  128  8:31  Stalker x2  
  129  8:35  Adept x5, Disruptor  
  129  8:37  Probe (Chrono Boost)  
  141  8:55  Photon Cannon  
  133  8:57  Disruptor  
  133  9:00  Photon Cannon, Pylon  
  136  9:04  Twilight Council  
  136  9:06  Stalker x6  
  136  9:09  Pylon  
  148  9:10  Pylon  
  148  9:18  Disruptor  
  148  9:21  Adept x2  
  155  9:30  Observer  
  147  9:34  Adept x5  
  152  9:50  Photon Cannon  
  148  9:54  Photon Cannon, Observer  
  148  9:55  Photon Cannon x2  
  148  9:58  Stalker  
  147  10:03  Probe (Chrono Boost)  
  147  10:05  Probe (Chrono Boost)  
  145  10:19  Disruptor  
  145  10:24  Disruptor  
  145  10:28  Stalker x3  
  136  10:47  Photon Cannon  
  136  10:49  Photon Cannon  
  136  10:50  Disruptor, Pylon  
  136  10:53  Pylon  
  139  10:57  Protoss Ground Weapons Level 2  
  139  11:00  Disruptor  
  140  11:04  Assimilator  
  138  11:17  Blink  
  135  11:21  Disruptor  
  133  11:28  Adept x6  
  148  11:35  Disruptor  
  149  11:48  Adept x3  
  149  11:49  Adept x3  
  149  11:52  Disruptor  
  160  12:11  Disruptor  
  160  12:12  Adept  
  160  12:15  Pylon  
  165  12:19  Pylon  
  165  12:31  Disruptor  
  168  12:41  Photon Cannon  
  168  12:42  Adept x2, Disruptor  
  168  12:43  Adept x4  
  175  12:45  Photon Cannon  
  173  13:00  Photon Cannon  
  173  13:05  Photon Cannon  
  173  13:06  Nexus  
  173  13:17  Disruptor  
  173  13:18  Disruptor  
  173  13:23  Mothership Core (Chrono Boost)  
  115  13:55  Stalker x5  
Tags
 
Add a new tag
Caveats
  • Supply blocks, unpowered buildings, or Contaminate may cause inaccurate times.
  • Supply counts are checked every 10 seconds.